 Dungeon Crawl Stone Soup version 0.26-a0-858-gbf766624f9 (webtiles) character file.

Game seed: 12383452325051245501

88 robertstho the Skirmisher (level 4, 0/45 HPs)
             Began as a Troll Fighter on Nov 24, 2020.
             Killed from afar by an orc wizard (6 damage)
             ... with a magic dart
             ... on level 3 of the Dungeon.
             The game lasted 00:01:14 (1238 turns).

robertstho the Skirmisher (Troll Fighter)           Turns: 1238, Time: 00:01:15

Health: 0/45       AC:  7    Str: 24    XL:     4   Next: 30%
Magic:  3/3        EV:  8    Int:  5    God:
Gold:   107        SH:  8    Dex:  9    Spells: 3/3 levels left

rFire    . . .     SeeInvis .     - Unarmed
rCold    . . .     Faith    .   b - +0 kite shield
rNeg     . . .     Spirit   .   a - +0 robe
rPois    .         Reflect  .   (helmet restricted)
rElec    .         Harm     .   k - +0 cloak
rCorr    .         Rampage  .   (gloves unavailable)
MR       .....                  (boots unavailable)
Stlth    +.........             (no amulet)
HPRegen  0.55/turn              (no ring)
MPRegen  0.08/turn              (no ring)

@: mighty, lethally poisoned (0 -> 0)
A: large, unfitting armour, claws 3, regeneration 1, shaggy fur 1, tough skin 3
a: no special abilities


You were on level 3 of the Dungeon.
You visited 1 branch of the dungeon, and saw 3 of its levels.

You collected 107 gold pieces.

Inventory:

Armour
 a - a +0 robe (worn)
 b - a +0 kite shield (worn)
 k - a +0 cloak (worn)
Scrolls
 d - a scroll of identify {unknown}
 f - a scroll of remove curse {unknown}
 g - a scroll of amnesia {unknown}
 h - 2 scrolls of enchant weapon {unknown}
 i - a scroll of enchant armour {unknown}
 m - a scroll of random uselessness {unknown}
 n - a scroll of teleportation {unknown}
Potions
 c - 3 potions of might
 e - a potion of flight {unknown}
 j - a potion of attraction {unknown}
 l - 2 potions of magic {unknown}


   Skills:
 * Level 3.1 Fighting
 + Level 2.6 Dodging
 + Level 0.4 Stealth
 + Level 2.8 Shields
 * Level 3.0 Unarmed Combat


You had 3 spell levels left.
You didn't know any spells.
Your spell library was empty.

Dungeon Overview and Level Annotations

Branches:
Dungeon (3/15)

Altars:
Ashenzari


Innate Abilities, Weirdness & Mutations

You are too large for most types of armour.
You have claws for hands.
Your natural rate of healing is unusually fast.
You are covered in fur. (AC +1)
You have extremely tough skin. (AC +3)


Message History

You feel sick. The leopard gecko barely misses you.
Your Unarmed Combat skill increases to level 3!
You have reached level 4!
You mangle the orc!!
You kill the orc!
You block the leopard gecko's attack.
You closely miss the leopard gecko.
The leopard gecko completely misses you.
You claw the leopard gecko!
You kill the leopard gecko!
You feel sick. You block the bat's attack.
You hear some strange, mumbled words.
A puff of flame appears from out of thin air!
The puff of flame hits you!
* * * LOW HITPOINT WARNING * * *
The orc wizard casts a spell.
The orc wizard blinks!
A magic dart appears from out of thin air!
The magic dart hits you.
You die...

##.#
#######..#
......#.##
##...######.
#...........
#.##........
#.##.#######
##.##.#
#@)##.#
#.#{..#
bo..###
...### ....#
.....#
#......
.....>.


You could see an orc and a bat.

Vanquished Creatures
  An orc priest (D:3)
  An adder (D:3)
  A worm (D:2)
  A dart slug (D:3)
  6 leopard geckos
  2 orcs
  4 goblins
  4 hobgoblins
  3 jackals (D:3)
  3 kobolds
  A ball python (D:2)
  3 bats
  4 frilled lizards
  4 rats
38 creatures vanquished.

Notes
Turn   | Place    | Note
-------+----------+-------------------------------------------
     0 | D:1      | robertstho the Troll Fighter began the quest for the Orb.
     0 | D:1      | Reached XP level 1. HP: 22/22 MP: 0/0
   440 | D:1      | Found a broken altar of Ashenzari.
   628 | D:2      | Reached XP level 2. HP: 29/29 MP: 1/1
  1010 | D:2      | Reached XP level 3. HP: 36/36 MP: 2/2
  1236 | D:3      | Reached XP level 4. HP: 12/45 MP: 3/3
  1238 | D:3      | Killed from afar by an orc wizard

Illustrated notes

Levels and vault maps discovered:
D:1:      dpeg_arrival_solitude, layout_rooms, serial_curves, eino_curves_02,
          eino_curves_01, eino_curves_03, evilmike_ruin_ashenzari
D:2:      layout_basic
D:3:      layout_rooms, nicolae_overflow_hidden_temple

Skill      XL: |  1  2  3 |
---------------+----------+-----
Fighting       | 3 |  3.1
Unarmed Combat | 3 |  3.0
Dodging        | |  2.6
Stealth        | |  0.4
Shields        | |  2.8

Action                   |  1- 3 |  4- 6 || total
-------------------------+-------+-------++-------
Melee: Unarmed           |    85 |     3 ||    88
  Use: Potion            |     1 |       ||     1
 Stab: Sleeping          |     1 |       ||     1
Armor: Robe              |    38 |       ||    38
Dodge: Dodged            |    29 |     1 ||    30
Block: Kite shield       |    44 |     2 ||    46

Table legend: (Time is in decaauts)
 A = Elapsed time spent in this place.
 B = Non-inter-level travel time spent in this place.
 C = Inter-level travel time spent in this place.
 D = Time resting spent in this place.
 E = Time spent auto-exploring this place.
 F = Levels seen in this place.
 G = Mean time per level.
                   A        B        C        D        E       F      G
               +--------+--------+--------+--------+--------+-----+--------+
         Total |   1241 |   1214 |     27 |      0 |   1029 |   3 |  413.7 |
       Dungeon |   1241 |   1214 |     27 |      0 |   1029 |   3 |  413.7 |
               +--------+--------+--------+--------+--------+-----+--------+

Top non-repeatable levels by time:
     D:2: 588 daAuts
     D:1: 560 daAuts
     D:3: 91 daAuts
